[ AOE2 MATCH · #479060331 ]
UnrankedEthiopians vs Portuguese
[ REPLAY ANALYSIS · EXTRACTED FROM THE RECORDED GAME ]
Feudal
9:30
Castle
23:47
Imperial
—
| APM avg | 28.6 |
| APM peak | 56 |
| eAPM avg | 14.8 |
| Villagers / military | 51 / 68 |
Focus
⚔️ 38.5% · 🌾 61.5%
Archer ×66 · Spearman ×2
Feudal
8:51
Castle
23:50
Imperial
—
| APM avg | 48.3 |
| APM peak | 84 |
| eAPM avg | 19.3 |
| Villagers / military | 75 / 84 |
Focus
⚔️ 37.0% · 🌾 63.0%
Archer ×81 · Mangonel ×2 · Spearman ×1
Feudal
9:19
Castle
27:56
Imperial
—
| APM avg | 60.1 |
| APM peak | 104 |
| eAPM avg | 19.9 |
| Villagers / military | 64 / 60 |
Focus
⚔️ 24.0% · 🌾 76.0%
Archer ×55 · Skirmisher ×5
Feudal
9:37
Castle
23:13
Imperial
—
| APM avg | 55.9 |
| APM peak | 145 |
| eAPM avg | 19.0 |
| Villagers / military | 97 / 82 |
Focus
⚔️ 38.0% · 🌾 62.0%
Knight ×58 · Scout Cavalry ×21 · Militia ×2 · Spearman ×1
Feudal
9:16
Castle
21:38
Imperial
—
| APM avg | 39.9 |
| APM peak | 82 |
| eAPM avg | 19.7 |
| Villagers / military | 78 / 4 |
Focus
⚔️ 29.2% · 🌾 70.8%
Unknown (1949) ×20 · Unknown (1944) ×8 · Scout Cavalry ×4
Feudal
9:29
Castle
25:41
Imperial
—
| APM avg | 29.0 |
| APM peak | 71 |
| eAPM avg | 15.5 |
| Villagers / military | 72 / 75 |
Focus
⚔️ 24.9% · 🌾 75.1%
Archer ×70 · Battering Ram ×4 · Monk ×1
Match map
Initial resources + every placement click. Lines = walls · curves = elevation contours. ◆ gold · ⬟ stone · ● berries · ✦ relic · ◌ wall gap
Your base· ✓ Closed at 23:47 · 34t walls · 1 gate(s)
TizioitaGdR's base· ✓ Closed at 23:50 · 46t walls · 1 gate(s)
Lau's base· ✓ Closed at 27:56 · 39t walls · 1 gate(s)
Roar's base· Open — 7t gap
PeterPoopiepants's base· ✓ Closed at 21:38 · 137t walls · no gate
Nick's base· ✓ Closed at 25:41 · 28t walls · 2 gate(s)
Smoothed initial terrain · ◌ = detected wall gap · hover for details
Inputs per minute
— Big Smoke - - TizioitaGdR
Build order — Big Smoke
First 150 of 204 actions detected
| 0:00 | Create | Villager (Male) |
| 0:01 | Create | Villager (Male) |
| 0:01 | Create | Villager (Male) |
| 0:02 | Build | House |
| 0:03 | Build | House |
| 0:31 | Create | Villager (Male) |
| 1:30 | Create | Villager (Male) |
| 1:54 | Build | Lumber Camp |
| 2:04 | Create | Villager (Male) |
| 2:21 | Create | Villager (Male) |
| 2:47 | Create | Villager (Male) |
| 3:05 | Create | Villager (Male) |
| 3:42 | Create | Villager (Male) |
| 3:52 | Build | House |
| 4:25 | Create | Villager (Male) |
| 4:41 | Create | Villager (Male) |
| 5:06 | Create | Villager (Male) |
| 5:06 | Create | Villager (Male) |
| 5:13 | Create | Villager (Male) |
| 5:47 | Create | Villager (Male) |
| 6:04 | Create | Villager (Male) |
| 6:05 | Research | Loom |
| 6:08 | Build | House |
| 6:25 | Build | Mill |
| 7:17 | Research | Feudal Age |
| 7:46 | Build | Barracks |
| 8:37 | Build | Mining Camp |
| 8:55 | Build | Lumber Camp |
| 9:12 | Build | House |
| 9:14 | Build | Palisade Wall |
| 9:19 | Build | House |
| 9:22 | Build | Palisade Wall |
| 9:27 | Create | Villager (Male) |
| 9:30 | Age | Feudal Age |
| 9:32 | Create | Villager (Male) |
| 9:33 | Research | Double-Bit Axe |
| 10:12 | Create | Villager (Male) |
| 10:23 | Build | Archery Range |
| 10:27 | Create | Villager (Male) |
| 10:33 | Build | Farm |
| 10:35 | Create | Villager (Male) |
| 10:40 | Build | House |
| 10:48 | Build | Palisade Wall |
| 10:49 | Build | Palisade Wall |
| 10:54 | Build | Palisade Wall |
| 10:56 | Create | Villager (Male) |
| 11:08 | Build | House |
| 11:13 | Build | Palisade Wall |
| 11:18 | Build | Palisade Wall |
| 11:22 | Build | Palisade Wall |
| 11:26 | Create | Villager (Male) |
| 11:30 | Build | House |
| 11:49 | Create | Archer |
| 11:54 | Build | Blacksmith |
| 12:01 | Build | Palisade Gate |
| 12:08 | Build | Farm |
| 12:09 | Create | Villager (Male) |
| 12:09 | Create | Villager (Male) |
| 12:13 | Create | Archer |
| 12:25 | Create | Villager (Male) |
| 12:33 | Create | Archer |
| 12:35 | Create | Villager (Male) |
| 12:38 | Build | Farm |
| 12:42 | Create | Archer |
| 12:43 | Research | Fletching |
| 12:51 | Build | Palisade Wall |
| 12:53 | Build | Palisade Wall |
| 13:00 | Create | Archer |
| 13:05 | Build | Farm |
| 13:19 | Build | Farm |
| 13:31 | Build | House |
| 13:38 | Create | Villager (Male) |
| 13:45 | Build | Farm |
| 13:48 | Create | Archer |
| 13:53 | Build | Farm |
| 14:00 | Create | Archer |
| 14:14 | Create | Villager (Male) |
| 14:14 | Create | Villager (Male) |
| 14:17 | Build | Farm |
| 14:28 | Create | Spearman |
| 14:33 | Create | Archer |
| 14:39 | Build | Farm |
| 14:43 | Create | Archer |
| 15:02 | Create | Archer |
| 15:05 | Build | Farm |
| 15:09 | Create | Archer |
| 15:34 | Create | Archer |
| 15:34 | Create | Archer |
| 15:42 | Build | Watch Tower |
| 15:47 | Create | Villager (Male) |
| 15:56 | Create | Archer |
| 15:57 | Create | Archer |
| 16:07 | Build | Farm |
| 16:13 | Create | Archer |
| 16:13 | Create | Archer |
| 16:19 | Create | Villager (Male) |
| 16:19 | Create | Villager (Male) |
| 16:35 | Build | Archery Range |
| 16:46 | Create | Archer |
| 16:46 | Create | Archer |
| 17:08 | Create | Villager (Male) |
| 17:27 | Build | Archery Range |
| 17:38 | Build | Archery Range |
| 17:39 | Create | Villager (Male) |
| 17:40 | Create | Archer |
| 17:47 | Create | Spearman |
| 17:56 | Create | Villager (Male) |
| 18:11 | Create | Archer |
| 18:12 | Create | Archer |
| 18:28 | Build | Archery Range |
| 18:40 | Build | House |
| 18:42 | Build | House |
| 18:43 | Build | House |
| 19:01 | Create | Villager (Male) |
| 19:53 | Build | Farm |
| 20:02 | Build | Farm |
| 20:33 | Create | Archer |
| 20:34 | Create | Archer |
| 20:37 | Create | Archer |
| 20:38 | Create | Archer |
| 20:40 | Create | Archer |
| 20:40 | Create | Archer |
| 20:40 | Create | Archer |
| 20:47 | Build | House |
| 20:50 | Build | House |
| 21:01 | Build | House |
| 21:07 | Research | Castle Age |
| 21:09 | Create | Archer |
| 21:09 | Create | Archer |
| 21:09 | Create | Archer |
| 21:09 | Create | Archer |
| 21:13 | Create | Archer |
| 21:13 | Create | Archer |
| 21:14 | Create | Archer |
| 21:33 | Research | Padded Archer Armor |
| 21:46 | Create | Archer |
| 21:51 | Build | House |
| 21:55 | Build | Palisade Wall |
| 22:03 | Create | Villager (Male) |
| 22:08 | Research | Gold Mining |
| 22:11 | Create | Archer |
| 22:11 | Create | Archer |
| 22:14 | Build | House |
| 22:15 | Build | House |
| 22:37 | Build | Outpost |
| 22:42 | Create | Archer |
| 22:46 | Create | Villager (Male) |
| 23:47 | Build | Farm |
| 23:47 | Age | Castle Age |
| 23:50 | Research | Crossbowman (upgrade) |
Build order — TizioitaGdR
First 150 of 254 actions detected
| 0:01 | Create | Villager (Male) |
| 0:01 | Create | Villager (Male) |
| 0:02 | Build | House |
| 0:04 | Build | House |
| 0:24 | Create | Villager (Male) |
| 0:24 | Create | Villager (Male) |
| 1:24 | Create | Villager (Male) |
| 1:52 | Create | Villager (Male) |
| 2:23 | Create | Villager (Male) |
| 2:46 | Create | Villager (Male) |
| 3:08 | Build | Lumber Camp |
| 3:14 | Create | Villager (Male) |
| 3:15 | Create | Villager (Male) |
| 3:52 | Build | House |
| 4:02 | Create | Villager (Male) |
| 4:21 | Create | Villager (Male) |
| 4:38 | Create | Villager (Male) |
| 5:23 | Create | Villager (Male) |
| 5:44 | Build | Mining Camp |
| 5:47 | Create | Villager (Male) |
| 6:12 | Research | Loom |
| 6:41 | Research | Feudal Age |
| 7:27 | Build | House |
| 8:00 | Create | Villager (Male) |
| 8:07 | Build | Barracks |
| 8:40 | Build | House |
| 8:51 | Age | Feudal Age |
| 9:11 | Build | Archery Range |
| 9:16 | Build | Archery Range |
| 9:20 | Build | House |
| 9:27 | Build | Palisade Wall |
| 9:27 | Create | Villager (Male) |
| 9:28 | Create | Villager (Male) |
| 10:04 | Create | Villager (Male) |
| 10:17 | Create | Archer |
| 10:17 | Create | Archer |
| 10:30 | Build | Blacksmith |
| 10:41 | Create | Villager (Male) |
| 10:42 | Create | Archer |
| 10:56 | Create | Villager (Male) |
| 10:57 | Create | Archer |
| 11:07 | Build | House |
| 11:15 | Build | House |
| 11:24 | Research | Fletching |
| 11:38 | Create | Archer |
| 11:49 | Build | Palisade Gate |
| 11:53 | Build | House |
| 11:55 | Build | House |
| 12:02 | Create | Villager (Male) |
| 12:04 | Create | Archer |
| 12:04 | Create | Archer |
| 12:20 | Create | Villager (Male) |
| 12:21 | Create | Archer |
| 12:38 | Build | Mill |
| 12:51 | Create | Villager (Male) |
| 12:52 | Create | Archer |
| 13:17 | Build | Farm |
| 13:18 | Create | Villager (Male) |
| 13:18 | Create | Archer |
| 13:32 | Create | Archer |
| 13:40 | Create | Archer |
| 13:41 | Create | Archer |
| 13:58 | Create | Archer |
| 13:59 | Create | Archer |
| 14:05 | Build | Farm |
| 14:06 | Create | Villager (Male) |
| 14:22 | Build | Farm |
| 14:33 | Create | Villager (Male) |
| 14:37 | Build | Farm |
| 14:44 | Build | Palisade Wall |
| 14:49 | Build | House |
| 14:51 | Create | Villager (Male) |
| 14:52 | Create | Archer |
| 15:03 | Build | Farm |
| 15:30 | Create | Villager (Male) |
| 15:30 | Create | Villager (Male) |
| 15:31 | Create | Archer |
| 15:31 | Create | Archer |
| 15:32 | Build | Farm |
| 16:08 | Create | Villager (Male) |
| 16:09 | Create | Archer |
| 16:09 | Create | Archer |
| 16:11 | Build | Farm |
| 16:13 | Build | Farm |
| 16:20 | Create | Archer |
| 16:21 | Create | Archer |
| 16:33 | Create | Archer |
| 16:34 | Create | Villager (Male) |
| 16:39 | Build | House |
| 16:43 | Build | House |
| 16:44 | Build | House |
| 16:48 | Create | Archer |
| 17:02 | Research | Town Watch |
| 17:06 | Build | Palisade Wall |
| 17:10 | Research | Double-Bit Axe |
| 17:19 | Create | Villager (Male) |
| 17:49 | Create | Villager (Male) |
| 17:50 | Create | Villager (Male) |
| 17:51 | Create | Villager (Male) |
| 17:51 | Create | Villager (Male) |
| 17:52 | Build | Farm |
| 17:54 | Build | Farm |
| 17:59 | Build | Palisade Wall |
| 18:10 | Create | Archer |
| 18:10 | Create | Archer |
| 18:10 | Create | Archer |
| 18:28 | Create | Spearman |
| 18:42 | Build | Lumber Camp |
| 18:51 | Create | Archer |
| 18:51 | Create | Archer |
| 18:59 | Build | House |
| 19:01 | Build | Palisade Wall |
| 19:11 | Build | Palisade Wall |
| 19:14 | Create | Villager (Male) |
| 19:15 | Create | Archer |
| 19:19 | Build | Farm |
| 19:38 | Build | Palisade Wall |
| 19:51 | Create | Villager (Male) |
| 19:51 | Create | Archer |
| 19:52 | Create | Archer |
| 20:05 | Create | Villager (Male) |
| 20:12 | Build | Market |
| 20:18 | Build | Palisade Wall |
| 20:25 | Build | House |
| 20:38 | Create | Villager (Male) |
| 20:39 | Create | Villager (Male) |
| 20:53 | Build | House |
| 21:03 | Build | Palisade Wall |
| 21:10 | Research | Castle Age |
| 21:13 | Create | Archer |
| 21:13 | Create | Archer |
| 21:13 | Create | Archer |
| 21:35 | Create | Archer |
| 21:42 | Research | Horse Collar |
| 21:45 | Build | Farm |
| 21:47 | Build | Farm |
| 21:52 | Build | Farm |
| 21:57 | Build | House |
| 21:58 | Build | House |
| 22:08 | Create | Archer |
| 22:08 | Create | Archer |
| 22:11 | Build | Farm |
| 22:13 | Build | Farm |
| 22:17 | Build | Farm |
| 23:25 | Create | Villager (Male) |
| 23:26 | Create | Villager (Male) |
| 23:26 | Create | Archer |
| 23:27 | Create | Archer |
| 23:27 | Create | Archer |
| 23:50 | Age | Castle Age |
Build order — Lau
First 150 of 220 actions detected
| 0:02 | Build | House |
| 0:03 | Build | House |
| 0:04 | Create | Villager (Male) |
| 0:04 | Create | Villager (Male) |
| 0:19 | Create | Villager (Male) |
| 0:20 | Create | Villager (Male) |
| 1:33 | Create | Villager (Male) |
| 2:02 | Create | Villager (Male) |
| 2:14 | Build | Lumber Camp |
| 2:48 | Create | Villager (Male) |
| 2:48 | Create | Villager (Male) |
| 2:48 | Create | Villager (Male) |
| 3:12 | Create | Villager (Male) |
| 3:32 | Create | Villager (Male) |
| 4:07 | Create | Villager (Male) |
| 4:22 | Build | Mill |
| 4:28 | Build | House |
| 4:39 | Research | Loom |
| 4:59 | Create | Villager (Male) |
| 5:13 | Build | Palisade Wall |
| 5:18 | Create | Villager (Male) |
| 6:19 | Create | Villager (Male) |
| 6:22 | Create | Villager (Male) |
| 6:40 | Build | House |
| 6:44 | Create | Villager (Male) |
| 6:51 | Research | Feudal Age |
| 7:38 | Build | Barracks |
| 8:11 | Create | Villager (Male) |
| 8:20 | Build | Mining Camp |
| 8:41 | Build | Palisade Wall |
| 8:46 | Build | House |
| 8:50 | Create | Villager (Male) |
| 8:59 | Build | Palisade Wall |
| 9:04 | Build | Palisade Wall |
| 9:10 | Create | Villager (Male) |
| 9:19 | Age | Feudal Age |
| 9:31 | Build | Archery Range |
| 9:35 | Research | Double-Bit Axe |
| 9:50 | Create | Villager (Male) |
| 10:00 | Build | House |
| 10:07 | Build | Palisade Wall |
| 10:09 | Build | House |
| 10:47 | Build | Archery Range |
| 10:55 | Create | Villager (Male) |
| 10:56 | Create | Villager (Male) |
| 10:58 | Create | Archer |
| 10:58 | Create | Archer |
| 11:28 | Create | Villager (Male) |
| 11:44 | Build | Blacksmith |
| 11:50 | Build | Palisade Wall |
| 12:13 | Create | Villager (Male) |
| 12:35 | Build | Palisade Wall |
| 12:43 | Create | Archer |
| 12:43 | Create | Archer |
| 12:49 | Create | Villager (Male) |
| 12:51 | Build | Farm |
| 12:51 | Build | Farm |
| 12:55 | Build | Farm |
| 12:55 | Build | Farm |
| 13:40 | Build | Lumber Camp |
| 13:45 | Create | Archer |
| 14:06 | Create | Archer |
| 14:07 | Create | Archer |
| 14:07 | Create | Villager (Male) |
| 14:07 | Create | Villager (Male) |
| 14:38 | Create | Archer |
| 14:38 | Create | Archer |
| 14:39 | Create | Archer |
| 15:15 | Build | Watch Tower |
| 15:33 | Create | Archer |
| 15:33 | Create | Archer |
| 15:33 | Create | Villager (Male) |
| 15:34 | Create | Villager (Male) |
| 16:10 | Create | Villager (Male) |
| 16:10 | Create | Villager (Male) |
| 16:48 | Build | Market |
| 16:51 | Create | Villager (Male) |
| 16:52 | Create | Villager (Male) |
| 17:00 | Build | Lumber Camp |
| 17:03 | Build | House |
| 17:05 | Build | House |
| 17:14 | Create | Skirmisher |
| 17:19 | Create | Skirmisher |
| 17:19 | Create | Skirmisher |
| 17:40 | Create | Villager (Male) |
| 18:06 | Build | Mining Camp |
| 18:11 | Create | Villager (Male) |
| 18:12 | Create | Villager (Male) |
| 18:14 | Build | Farm |
| 18:17 | Create | Skirmisher |
| 18:24 | Create | Skirmisher |
| 18:28 | Create | Villager (Male) |
| 19:13 | Build | House |
| 19:37 | Create | Villager (Male) |
| 19:45 | Create | Archer |
| 19:45 | Create | Archer |
| 20:03 | Build | Farm |
| 20:06 | Build | Farm |
| 20:06 | Create | Villager (Male) |
| 20:12 | Build | Farm |
| 20:31 | Research | Fletching |
| 20:34 | Create | Archer |
| 20:34 | Create | Archer |
| 20:35 | Create | Villager (Male) |
| 20:36 | Create | Villager (Male) |
| 20:41 | Build | Farm |
| 20:52 | Create | Archer |
| 20:52 | Create | Archer |
| 21:15 | Create | Villager (Male) |
| 21:21 | Build | Farm |
| 21:26 | Build | House |
| 21:28 | Build | House |
| 21:36 | Build | House |
| 21:38 | Build | House |
| 21:39 | Build | House |
| 21:41 | Create | Villager (Male) |
| 21:41 | Create | Villager (Male) |
| 21:44 | Build | Farm |
| 21:46 | Create | Archer |
| 21:46 | Create | Archer |
| 22:05 | Create | Villager (Male) |
| 22:08 | Build | Farm |
| 22:33 | Create | Villager (Male) |
| 22:36 | Build | Farm |
| 22:48 | Create | Villager (Male) |
| 22:55 | Build | Farm |
| 22:55 | Build | Farm |
| 22:56 | Build | Farm |
| 22:57 | Build | Farm |
| 23:26 | Create | Archer |
| 23:27 | Create | Archer |
| 23:27 | Create | Archer |
| 23:40 | Create | Archer |
| 23:40 | Create | Archer |
| 23:58 | Create | Archer |
| 23:58 | Create | Archer |
| 24:03 | Build | Farm |
| 24:03 | Build | Farm |
| 24:03 | Build | Farm |
| 24:29 | Create | Archer |
| 24:30 | Create | Archer |
| 25:16 | Research | Castle Age |
| 25:20 | Create | Archer |
| 25:20 | Create | Archer |
| 25:37 | Create | Archer |
| 25:47 | Build | Stone Wall |
| 25:57 | Build | House |
| 25:58 | Build | House |
| 26:02 | Build | House |
| 26:06 | Create | Archer |
Build order — Roar
First 150 of 246 actions detected
| 0:01 | Create | Villager (Male) |
| 0:02 | Create | Villager (Male) |
| 0:02 | Build | House |
| 0:03 | Build | House |
| 0:07 | Create | Villager (Male) |
| 0:07 | Create | Villager (Male) |
| 1:27 | Create | Villager (Male) |
| 1:54 | Build | Lumber Camp |
| 2:03 | Create | Villager (Male) |
| 2:15 | Create | Villager (Male) |
| 2:46 | Create | Villager (Male) |
| 3:04 | Create | Villager (Male) |
| 3:47 | Create | Villager (Male) |
| 3:47 | Create | Villager (Male) |
| 3:52 | Build | House |
| 4:17 | Create | Villager (Male) |
| 4:17 | Create | Villager (Male) |
| 5:05 | Create | Villager (Male) |
| 5:06 | Create | Villager (Male) |
| 5:07 | Create | Villager (Male) |
| 5:19 | Create | Villager (Male) |
| 5:40 | Create | Villager (Male) |
| 6:04 | Build | House |
| 6:40 | Research | Loom |
| 6:51 | Build | Mill |
| 7:27 | Research | Feudal Age |
| 8:30 | Build | Barracks |
| 8:36 | Create | Villager (Male) |
| 8:38 | Build | Farm |
| 8:39 | Create | Villager (Male) |
| 8:49 | Create | Villager (Male) |
| 9:00 | Build | Farm |
| 9:23 | Build | House |
| 9:37 | Age | Feudal Age |
| 9:39 | Build | Stable |
| 9:42 | Create | Villager (Male) |
| 9:45 | Build | Farm |
| 9:45 | Create | Villager (Male) |
| 10:00 | Research | Double-Bit Axe |
| 10:11 | Create | Villager (Male) |
| 10:13 | Create | Villager (Male) |
| 10:26 | Create | Villager (Male) |
| 10:29 | Build | Farm |
| 10:49 | Create | Scout Cavalry |
| 10:53 | Create | Villager (Male) |
| 10:55 | Build | Farm |
| 10:57 | Build | House |
| 11:05 | Research | Horse Collar |
| 11:05 | Research | Horse Collar |
| 11:08 | Create | Villager (Male) |
| 11:11 | Create | Scout Cavalry |
| 11:11 | Create | Scout Cavalry |
| 11:28 | Build | Farm |
| 11:32 | Create | Villager (Male) |
| 11:40 | Create | Villager (Male) |
| 11:40 | Create | Villager (Male) |
| 11:46 | Create | Scout Cavalry |
| 11:46 | Create | Scout Cavalry |
| 11:49 | Build | Farm |
| 12:08 | Create | Villager (Male) |
| 12:15 | Build | Farm |
| 12:16 | Create | Villager (Male) |
| 12:30 | Create | Villager (Male) |
| 12:40 | Create | Scout Cavalry |
| 12:42 | Create | Villager (Male) |
| 12:43 | Create | Villager (Male) |
| 12:46 | Create | Villager (Male) |
| 12:58 | Create | Scout Cavalry |
| 12:58 | Create | Scout Cavalry |
| 13:12 | Create | Villager (Male) |
| 13:15 | Build | House |
| 13:16 | Build | House |
| 13:30 | Create | Scout Cavalry |
| 13:30 | Create | Scout Cavalry |
| 13:43 | Create | Villager (Male) |
| 13:43 | Create | Villager (Male) |
| 13:54 | Create | Villager (Male) |
| 14:06 | Build | Farm |
| 14:06 | Build | Farm |
| 14:06 | Build | Farm |
| 14:06 | Build | Farm |
| 14:07 | Create | Villager (Male) |
| 14:09 | Build | House |
| 14:16 | Create | Scout Cavalry |
| 14:39 | Create | Villager (Male) |
| 14:39 | Create | Villager (Male) |
| 14:43 | Build | Blacksmith |
| 14:46 | Build | House |
| 14:55 | Create | Scout Cavalry |
| 14:56 | Create | Scout Cavalry |
| 14:56 | Create | Scout Cavalry |
| 15:17 | Create | Scout Cavalry |
| 15:18 | Create | Scout Cavalry |
| 15:19 | Create | Villager (Male) |
| 15:19 | Create | Villager (Male) |
| 15:32 | Create | Spearman |
| 15:41 | Create | Villager (Male) |
| 15:42 | Create | Villager (Male) |
| 16:01 | Research | Scale Barding Armor |
| 16:15 | Create | Scout Cavalry |
| 16:19 | Build | Farm |
| 16:20 | Create | Villager (Male) |
| 16:20 | Create | Villager (Male) |
| 16:38 | Create | Villager (Male) |
| 16:50 | Create | Villager (Male) |
| 17:01 | Create | Scout Cavalry |
| 17:01 | Create | Scout Cavalry |
| 17:06 | Build | Mining Camp |
| 17:17 | Create | Scout Cavalry |
| 17:17 | Create | Scout Cavalry |
| 17:19 | Build | Farm |
| 17:32 | Create | Villager (Male) |
| 17:33 | Create | Villager (Male) |
| 17:45 | Build | Farm |
| 17:45 | Create | Villager (Male) |
| 17:49 | Build | Farm |
| 17:50 | Build | Farm |
| 17:50 | Build | Farm |
| 17:50 | Build | Farm |
| 17:50 | Build | Farm |
| 17:50 | Build | Farm |
| 17:52 | Create | Villager (Male) |
| 18:15 | Build | Farm |
| 18:15 | Build | Farm |
| 18:15 | Build | Farm |
| 18:15 | Build | Farm |
| 18:28 | Create | Militia |
| 18:28 | Create | Militia |
| 18:53 | Build | Farm |
| 18:56 | Create | Villager (Male) |
| 18:58 | Build | Farm |
| 19:01 | Build | Stable |
| 19:03 | Build | Stable |
| 19:32 | Build | Farm |
| 19:52 | Build | Farm |
| 20:14 | Build | Farm |
| 20:18 | Build | Palisade Wall |
| 20:28 | Build | Palisade Wall |
| 20:33 | Research | Castle Age |
| 20:33 | Research | Castle Age |
| 20:38 | Build | Farm |
| 20:38 | Build | Farm |
| 20:52 | Research | Bloodlines |
| 20:53 | Research | Bloodlines |
| 20:54 | Create | Villager (Male) |
| 21:22 | Research | Wheelbarrow |
| 21:32 | Build | Palisade Wall |
| 21:58 | Research | Gold Mining |
| 23:13 | Age | Castle Age |
| 23:13 | Research | Chain Barding Armor |
Build order — PeterPoopiepants
First 150 of 221 actions detected
| 0:00 | Create | Villager (Male) |
| 0:01 | Create | Villager (Male) |
| 0:01 | Create | Villager (Male) |
| 0:02 | Build | House |
| 0:03 | Build | House |
| 0:05 | Create | Villager (Male) |
| 1:25 | Create | Villager (Male) |
| 1:25 | Create | Villager (Male) |
| 1:54 | Build | Lumber Camp |
| 2:00 | Create | Villager (Male) |
| 2:15 | Create | Villager (Male) |
| 2:48 | Create | Villager (Male) |
| 3:06 | Create | Villager (Male) |
| 3:07 | Create | Villager (Male) |
| 3:26 | Build | House |
| 3:40 | Create | Villager (Male) |
| 3:50 | Build | Palisade Wall |
| 4:00 | Create | Villager (Male) |
| 4:19 | Build | House |
| 4:23 | Create | Villager (Male) |
| 4:31 | Create | Villager (Male) |
| 4:42 | Build | Mill |
| 5:04 | Build | Palisade Wall |
| 5:14 | Create | Villager (Male) |
| 5:17 | Create | Villager (Male) |
| 5:39 | Create | Villager (Male) |
| 5:39 | Research | Loom |
| 6:27 | Create | Villager (Male) |
| 7:02 | Research | Feudal Age |
| 7:20 | Build | Palisade Wall |
| 8:16 | Build | Barracks |
| 8:57 | Create | Villager (Male) |
| 9:12 | Build | Palisade Wall |
| 9:16 | Age | Feudal Age |
| 9:18 | Build | Stable |
| 9:20 | Build | Palisade Wall |
| 9:28 | Create | Villager (Male) |
| 9:33 | Build | House |
| 9:37 | Build | Palisade Wall |
| 9:44 | Create | Villager (Male) |
| 9:55 | Build | Palisade Wall |
| 10:01 | Create | Scout Cavalry |
| 10:01 | Create | Scout Cavalry |
| 10:02 | Research | Double-Bit Axe |
| 10:05 | Research | Horse Collar |
| 10:13 | Build | Palisade Wall |
| 10:15 | Build | Palisade Wall |
| 10:18 | Create | Scout Cavalry |
| 10:21 | Create | Villager (Male) |
| 10:37 | Build | House |
| 10:46 | Build | House |
| 10:56 | Build | Palisade Wall |
| 11:05 | Create | Villager (Male) |
| 11:08 | Build | Palisade Wall |
| 11:11 | Build | Palisade Wall |
| 11:15 | Create | Villager (Male) |
| 11:18 | Build | Farm |
| 11:19 | Build | Farm |
| 11:19 | Build | Farm |
| 11:37 | Build | Farm |
| 11:40 | Build | Farm |
| 11:41 | Create | Villager (Male) |
| 11:51 | Create | Villager (Male) |
| 11:56 | Build | Farm |
| 12:17 | Build | Farm |
| 12:27 | Build | House |
| 12:31 | Create | Villager (Male) |
| 12:32 | Build | Farm |
| 12:48 | Build | Farm |
| 12:49 | Create | Villager (Male) |
| 12:50 | Build | Farm |
| 13:01 | Create | Villager (Male) |
| 13:09 | Build | Farm |
| 13:14 | Create | Scout Cavalry |
| 13:32 | Build | Farm |
| 13:39 | Create | Villager (Male) |
| 13:46 | Build | Farm |
| 13:53 | Create | Villager (Male) |
| 14:01 | Build | Farm |
| 14:04 | Create | Villager (Male) |
| 14:06 | Build | Farm |
| 14:17 | Build | Farm |
| 14:19 | Build | House |
| 14:25 | Create | Villager (Male) |
| 14:33 | Build | House |
| 14:35 | Build | House |
| 14:40 | Create | Villager (Male) |
| 14:48 | Build | Stone Wall |
| 14:54 | Build | Farm |
| 15:27 | Build | Mining Camp |
| 15:29 | Build | House |
| 15:38 | Build | Farm |
| 16:00 | Build | Mining Camp |
| 16:12 | Build | House |
| 16:14 | Build | House |
| 16:24 | Build | Stone Wall |
| 16:25 | Build | Stone Wall |
| 16:26 | Build | Stone Wall |
| 16:28 | Build | Stone Wall |
| 16:29 | Build | Stone Wall |
| 16:31 | Build | Stone Wall |
| 16:33 | Create | Villager (Male) |
| 16:37 | Research | Wheelbarrow |
| 17:40 | Create | Villager (Male) |
| 17:46 | Research | Gold Mining |
| 17:50 | Research | Stone Mining |
| 17:57 | Build | Stone Wall |
| 18:15 | Create | Villager (Male) |
| 18:29 | Build | Blacksmith |
| 18:58 | Research | Castle Age |
| 19:04 | Build | Lumber Camp |
| 19:34 | Build | Stone Wall |
| 19:35 | Build | Stone Wall |
| 19:36 | Build | Stone Wall |
| 19:37 | Build | Stone Wall |
| 19:37 | Build | Stone Wall |
| 19:38 | Build | Stone Wall |
| 19:38 | Build | Stone Wall |
| 19:57 | Research | Scale Barding Armor |
| 20:00 | Research | Forging |
| 20:35 | Build | Market |
| 20:57 | Build | Lumber Camp |
| 21:38 | Age | Castle Age |
| 21:50 | Create | Villager (Male) |
| 21:51 | Research | Bow Saw |
| 21:53 | Create | Villager (Male) |
| 21:59 | Build | Castle |
| 22:08 | Build | Castle |
| 22:10 | Create | Villager (Male) |
| 22:13 | Build | House |
| 22:21 | Build | House |
| 22:27 | Research | Chain Barding Armor |
| 22:47 | Create | Villager (Male) |
| 23:02 | Create | Villager (Male) |
| 23:03 | Create | Villager (Male) |
| 23:23 | Create | Villager (Male) |
| 23:24 | Create | Villager (Male) |
| 23:27 | Create | Unit 1944 |
| 23:27 | Create | Unit 1944 |
| 23:45 | Create | Villager (Male) |
| 23:59 | Create | Unit 1944 |
| 24:07 | Create | Unit 1944 |
| 24:11 | Build | Stone Wall |
| 24:16 | Build | Palisade Wall |
| 24:17 | Build | Palisade Wall |
| 24:22 | Create | Villager (Male) |
| 24:23 | Create | Unit 1944 |
| 24:30 | Create | Villager (Male) |
| 24:37 | Create | Villager (Male) |
| 24:43 | Create | Villager (Male) |
Build order — Nick
First 150 of 213 actions detected
| 0:01 | Create | Villager (Male) |
| 0:02 | Build | House |
| 0:03 | Build | House |
| 0:04 | Create | Villager (Male) |
| 0:04 | Create | Villager (Male) |
| 0:05 | Create | Villager (Male) |
| 1:45 | Build | Lumber Camp |
| 1:49 | Create | Villager (Male) |
| 2:07 | Create | Villager (Male) |
| 2:31 | Create | Villager (Male) |
| 2:47 | Create | Villager (Male) |
| 3:18 | Create | Villager (Male) |
| 3:45 | Build | House |
| 3:51 | Create | Villager (Male) |
| 3:52 | Create | Villager (Male) |
| 4:36 | Create | Villager (Male) |
| 4:54 | Create | Villager (Male) |
| 5:33 | Create | Villager (Male) |
| 5:37 | Build | Mill |
| 5:47 | Create | Villager (Male) |
| 6:10 | Create | Villager (Male) |
| 6:44 | Create | Villager (Male) |
| 6:56 | Research | Loom |
| 7:19 | Research | Feudal Age |
| 7:31 | Build | Mining Camp |
| 7:36 | Build | Mining Camp |
| 8:14 | Build | House |
| 8:46 | Build | Barracks |
| 8:48 | Create | Villager (Male) |
| 9:07 | Create | Villager (Male) |
| 9:29 | Age | Feudal Age |
| 9:39 | Build | Archery Range |
| 9:44 | Create | Villager (Male) |
| 10:22 | Create | Villager (Male) |
| 10:27 | Build | House |
| 10:36 | Create | Archer ×5 |
| 10:54 | Build | House |
| 11:24 | Create | Villager (Male) |
| 11:24 | Create | Villager (Male) |
| 11:26 | Build | Lumber Camp |
| 11:40 | Build | Blacksmith |
| 11:43 | Create | Villager (Male) |
| 11:48 | Create | Archer |
| 12:05 | Research | Double-Bit Axe |
| 12:21 | Create | Villager (Male) |
| 12:45 | Create | Villager (Male) |
| 13:05 | Build | Archery Range |
| 13:12 | Build | House |
| 13:32 | Build | House |
| 13:46 | Build | House |
| 14:25 | Create | Archer ×5 |
| 14:27 | Create | Villager (Male) |
| 14:27 | Create | Villager (Male) |
| 14:27 | Create | Villager (Male) |
| 14:40 | Research | Forging |
| 14:43 | Research | Fletching |
| 14:54 | Create | Villager (Male) |
| 15:00 | Create | Villager (Male) |
| 15:03 | Build | Farm |
| 15:08 | Create | Archer |
| 15:12 | Build | Farm |
| 15:35 | Create | Archer ×4 |
| 15:44 | Create | Villager (Male) |
| 16:12 | Create | Archer ×2 |
| 16:12 | Create | Villager (Male) |
| 16:19 | Create | Villager (Male) |
| 16:23 | Build | Farm |
| 16:24 | Build | Farm |
| 16:50 | Create | Archer ×2 |
| 16:51 | Create | Villager (Male) |
| 16:51 | Create | Villager (Male) |
| 17:17 | Create | Archer |
| 17:32 | Build | House |
| 17:33 | Build | House |
| 17:36 | Build | House |
| 17:43 | Build | Farm |
| 17:43 | Build | Farm |
| 17:44 | Build | Farm |
| 17:44 | Build | Farm |
| 17:44 | Build | Farm |
| 17:45 | Build | Farm |
| 18:16 | Create | Archer |
| 18:17 | Create | Villager (Male) |
| 18:17 | Create | Villager (Male) |
| 18:45 | Create | Villager (Male) |
| 18:55 | Build | Farm |
| 18:56 | Build | Farm |
| 18:56 | Build | Farm |
| 18:56 | Build | Farm |
| 18:57 | Build | Farm |
| 19:10 | Create | Archer |
| 19:10 | Create | Archer |
| 19:12 | Create | Villager (Male) |
| 19:26 | Build | Farm |
| 19:26 | Build | Farm |
| 19:29 | Research | Horse Collar |
| 19:38 | Build | House |
| 19:43 | Build | Palisade Wall |
| 19:58 | Create | Villager (Male) |
| 20:03 | Build | Palisade Wall |
| 20:07 | Build | Palisade Wall |
| 20:20 | Build | Palisade Gate |
| 20:35 | Build | Palisade Wall |
| 20:39 | Build | Palisade Wall |
| 20:44 | Build | Palisade Gate |
| 20:52 | Create | Villager (Male) |
| 21:03 | Build | Farm |
| 21:03 | Build | Farm |
| 21:03 | Build | Farm |
| 21:04 | Build | Farm |
| 21:17 | Create | Villager (Male) |
| 21:48 | Build | Market |
| 21:55 | Create | Villager (Male) |
| 22:16 | Build | Palisade Wall |
| 22:33 | Build | Palisade Wall |
| 22:36 | Create | Villager (Male) |
| 22:42 | Research | Castle Age |
| 22:58 | Research | Padded Archer Armor |
| 23:04 | Create | Villager (Male) |
| 23:10 | Build | House |
| 23:12 | Build | House |
| 23:16 | Build | House |
| 23:24 | Create | Archer ×4 |
| 24:04 | Research | Gold Mining |
| 24:22 | Create | Archer |
| 24:22 | Create | Archer |
| 24:50 | Build | Archery Range |
| 25:06 | Create | Archer |
| 25:06 | Create | Archer |
| 25:41 | Age | Castle Age |
| 25:45 | Build | Town Center |
| 25:48 | Research | Crossbowman (upgrade) |
| 25:49 | Research | Thumb Ring |
| 25:59 | Create | Villager (Male) |
| 26:15 | Create | Archer |
| 26:16 | Create | Villager (Male) |
| 26:16 | Create | Villager (Male) |
| 26:21 | Research | Bow Saw |
| 26:24 | Research | Heavy Plow |
| 26:31 | Research | Wheelbarrow |
| 26:36 | Create | Archer |
| 26:36 | Create | Archer |
| 26:36 | Create | Archer |
| 26:43 | Create | Archer |
| 26:49 | Create | Archer |
| 26:49 | Create | Archer |
| 26:50 | Create | Villager (Male) |
| 26:50 | Create | Villager (Male) |
| 27:01 | Build | House |
| 27:02 | Build | House |
Match timeline
| 3:50 | PeterPoopiepants · wall_segment Palisade Wall x1 |
| 5:04 | PeterPoopiepants · wall_segment Palisade Wall x12 |
| 5:13 | Lau · wall_segment Palisade Wall x6 |
| 7:20 | PeterPoopiepants · wall_segment Palisade Wall x12 |
| 7:38 | Lau · first_building Barracks |
| 7:46 | Big Smoke · first_building Barracks |
| 8:07 | TizioitaGdR · first_building Barracks |
| 8:16 | PeterPoopiepants · first_building Barracks |
| 8:30 | Roar · first_building Barracks |
| 8:41 | Lau · wall_segment Palisade Wall x9 |
| 8:46 | Nick · first_building Barracks |
| 8:51 | TizioitaGdR · age_up feudal |
| 8:59 | Lau · wall_segment Palisade Wall x4 |
| 9:04 | Lau · wall_segment Palisade Wall x12 |
| 9:11 | TizioitaGdR · first_building Archery Range |
| 9:12 | PeterPoopiepants · wall_segment Palisade Wall x11 |
| 9:14 | Big Smoke · wall_segment Palisade Wall x3 |
| 9:16 | PeterPoopiepants · age_up feudal |
| 9:18 | PeterPoopiepants · first_building Stable |
| 9:19 | Lau · age_up feudal |
| 9:20 | PeterPoopiepants · wall_segment Palisade Wall x1 |
| 9:22 | Big Smoke · wall_segment Palisade Wall x3 |
| 9:27 | TizioitaGdR · wall_segment Palisade Wall x6 |
| 9:29 | Nick · age_up feudal |
| 9:30 | Big Smoke · age_up feudal |
| 9:31 | Lau · first_building Archery Range |
| 9:37 | PeterPoopiepants · wall_segment Palisade Wall x14 |
| 9:37 | Roar · age_up feudal |
| 9:39 | Nick · first_building Archery Range |
| 9:39 | Roar · first_building Stable |
| 9:55 | PeterPoopiepants · wall_segment Palisade Wall x10 |
| 10:07 | Lau · wall_segment Palisade Wall x3 |
| 10:13 | PeterPoopiepants · wall_segment Palisade Wall x10 |
| 10:15 | PeterPoopiepants · wall_segment Palisade Wall x1 |
| 10:23 | Big Smoke · first_building Archery Range |
| 10:48 | Big Smoke · wall_segment Palisade Wall x1 |
| 10:49 | Big Smoke · wall_segment Palisade Wall x1 |
| 10:54 | Big Smoke · wall_segment Palisade Wall x6 |
| 10:56 | PeterPoopiepants · wall_segment Palisade Wall x8 |
| 11:08 | PeterPoopiepants · wall_segment Palisade Wall x4 |
| 11:11 | PeterPoopiepants · wall_segment Palisade Wall x6 |
| 11:13 | Big Smoke · wall_segment Palisade Wall x4 |
| 11:18 | Big Smoke · wall_segment Palisade Wall x1 |
| 11:22 | Big Smoke · wall_segment Palisade Wall x12 |
| 11:50 | Lau · wall_segment Palisade Wall x1 |
| 12:35 | Lau · wall_segment Palisade Wall x1 |
| 12:51 | Big Smoke · wall_segment Palisade Wall x1 |
| 12:53 | Big Smoke · wall_segment Palisade Wall x1 |
| 14:44 | TizioitaGdR · wall_segment Palisade Wall x10 |
| 14:48 | PeterPoopiepants · wall_segment Stone Wall x12 |
| 16:24 | PeterPoopiepants · wall_segment Stone Wall x12 |
| 16:25 | PeterPoopiepants · wall_segment Stone Wall x2 |
| 16:26 | PeterPoopiepants · wall_segment Stone Wall x4 |
| 16:28 | PeterPoopiepants · wall_segment Stone Wall x4 |
| 16:29 | PeterPoopiepants · wall_segment Stone Wall x6 |
| 16:31 | PeterPoopiepants · wall_segment Stone Wall x4 |
| 17:06 | TizioitaGdR · wall_segment Palisade Wall x1 |
| 17:57 | PeterPoopiepants · wall_segment Stone Wall x9 |
| 17:59 | TizioitaGdR · wall_segment Palisade Wall x5 |
| 19:01 | TizioitaGdR · wall_segment Palisade Wall x5 |
| 19:11 | TizioitaGdR · wall_segment Palisade Wall x8 |
| 19:34 | PeterPoopiepants · wall_segment Stone Wall x1 |
| 19:35 | PeterPoopiepants · wall_segment Stone Wall x1 |
| 19:36 | PeterPoopiepants · wall_segment Stone Wall x1 |
| 19:37 | PeterPoopiepants · wall_segment Stone Wall x1 |
| 19:37 | PeterPoopiepants · wall_segment Stone Wall x1 |
| 19:38 | PeterPoopiepants · wall_segment Stone Wall x1 |
| 19:38 | TizioitaGdR · wall_segment Palisade Wall x1 |
| 19:38 | PeterPoopiepants · wall_segment Stone Wall x1 |
| 19:43 | Nick · wall_segment Palisade Wall x1 |
| 19:43 | Lau · first_market_sell 100 wood |
| 20:03 | Nick · wall_segment Palisade Wall x8 |
| 20:07 | Nick · wall_segment Palisade Wall x3 |
| 20:18 | TizioitaGdR · wall_segment Palisade Wall x6 |
| 20:18 | Roar · wall_segment Palisade Wall x8 |
| 20:27 | Lau · first_market_buy 100 food |
| 20:28 | Roar · wall_segment Palisade Wall x6 |
| 20:35 | Nick · wall_segment Palisade Wall x10 |
| 20:39 | Nick · wall_segment Palisade Wall x4 |
| 21:03 | TizioitaGdR · wall_segment Palisade Wall x4 |
| 21:32 | Roar · wall_segment Palisade Wall x1 |
| 21:38 | PeterPoopiepants · age_up castle |
| 21:40 | PeterPoopiepants · first_market_buy 100 stone |
| 21:55 | Big Smoke · wall_segment Palisade Wall x1 |
| 21:59 | PeterPoopiepants · first_building Castle |
| 22:16 | Nick · wall_segment Palisade Wall x1 |
| 22:33 | Nick · wall_segment Palisade Wall x1 |
| 22:39 | Nick · first_market_buy 100 food |
| 23:13 | Roar · age_up castle |
| 23:47 | Big Smoke · age_up castle |
| 23:50 | TizioitaGdR · age_up castle |
| 24:11 | PeterPoopiepants · wall_segment Stone Wall x1 |
| 24:16 | PeterPoopiepants · wall_segment Palisade Wall x1 |
| 24:17 | PeterPoopiepants · wall_segment Palisade Wall x1 |
| 25:22 | TizioitaGdR · first_market_sell 100 stone |
| 25:41 | Nick · age_up castle |
| 25:47 | Lau · wall_segment Stone Wall x1 |
| 26:20 | Lau · wall_segment Stone Wall x2 |
| 26:25 | Lau · wall_segment Stone Wall x1 |
| 26:26 | Roar · first_market_sell 500 stone |
| 26:57 | Lau · wall_segment Palisade Wall x1 |
| 27:52 | Nick · first_building Monastery |
| 27:56 | Lau · age_up castle |
| 28:19 | Big Smoke · first_market_sell 100 food |
| 28:19 | Big Smoke · first_market_buy 100 stone |
| 28:40 | TizioitaGdR · first_market_buy 100 wood |
| 29:22 | Lau · wall_segment Stone Wall x3 |
| 29:24 | Nick · first_building Siege Workshop |
| 29:59 | PeterPoopiepants · first_market_sell 100 food |
| 30:00 | Lau · wall_segment Stone Wall x1 |
| 30:01 | TizioitaGdR · first_building Siege Workshop |
| 30:07 | Big Smoke · resign |
| 32:03 | Roar · first_market_buy 100 stone |
| 33:33 | PeterPoopiepants · wall_segment Stone Wall x1 |
| 33:38 | PeterPoopiepants · wall_segment Stone Wall x1 |
[ AI ANALYSIS · 1 CREDIT ]
What really happened in this match?
Wolo.gg analyzes every decision: build order, eco, micro, common mistakes by bracket. Personalized analysis on WhatsApp or Discord in 30 seconds.
Civ guide
Ethiopians
Perfil
Jugador #2462694